Get step-by-step instructions on how to execute this build order below. Start the game timer, and the build order will tick by so you can play in parallel with StarCraft on a second screen or mobile device.

Game Time

  0:00

Last Step

  N/A

Next Step

Upcoming Step



Don't want to look back and forth between 2 screens? Try out our Overwolf App, the Spawning Tool Build Advisor to get an in-game overlay with this build!

Complete Build Order

  12  0:01  Drone  
  13  0:08  Drone  
  14  0:17  Extractor  
  14  0:18  Drone, Extractor  
  13  0:22  Drone  
  16  0:44  Hatchery  
  16  0:49  Overlord  
  15  1:05  Spawning Pool  
  15  1:07  Drone  
  15  1:10  Drone  
  16  1:14  Drone